Map: Ley Lines

Players

ManlyManMeat

  • Race: Zerg Zerg
  • League: Platinum
  • Spawn Location: 7:00

bill - Winner!

  • Race: Zerg Zerg
  • Spawn Location: 1:00

VOD

Have the link to the VOD?

Description

Time

  • Played on: June 22, 2025, 7:09 a.m.
  • Length: 2:16
Show
View Real Time Build Order
Export as new Build Order

ManlyManMeat Zerg 

Build Orders:  

Get SALT Encoding   

Show
View Real Time Build Order
Export as new Build Order

bill Zerg - Winner!

Build Orders: Pool First 

Get SALT Encoding   

  12  0:00  Drone  
  13  0:13  Overlord  
  13  0:17  Drone  
  14  0:31  Drone  
  14  0:32  Drone  
  16  0:41  Spawning Pool  
  15  0:45  Drone  
  16  0:50  Drone  
  17  1:10  Hatchery  
  16  1:16  Drone  
  17  1:18  Extractor  
  16  1:29  Zergling x4  
  16  1:30  Zergling x2  
  19  1:36  Queen  
  21  1:42  Overlord  
  21  1:52  Zergling x2  
  22  2:08  Roach Warren  
Tags
 
League
Platinum
Matchup
ZvZ
Opening
Pool First
Race
Zerg
Replay Pack
Myownreplay2
Spawn Locations
Cross Positions
Add a new tag
Caveats
  • Supply blocks, unpowered buildings, or Contaminate may cause inaccurate times.
  • Supply counts are checked every 10 seconds.